 Dungeon Crawl Stone Soup version bcrawl-1.21.2-20-g6d45ba5942 (webtiles) character file.

Game seed: 16446099998905159993

70 Mrkan the Shield-Bearer (level 4, -4/40 HPs)
             Began as a Minotaur Fighter on Feb 25, 2020.
             Was a Follower of Uskayaw.
             Killed by nerve-wracking pain
             ... invoked by Grinder
              (11 damage)
             ... on level 3 of the Dungeon.
             The game lasted 00:03:01 (1100 turns).

Mrkan the Shield-Bearer (Minotaur Fighter)          Turns: 1100, Time: 00:03:01

Health: -4/40      AC:  9    Str: 26    XL:     4   Next: 3%
Magic:  3/3        EV:  6    Int:  5    God:    Uskayaw [*.....]
Gold:   176        SH: 10    Dex: 10    Spells: 3/3 levels left

rFire    . . .     SeeInvis .   a - +0 war axe
rCold    . . .     Gourm    .   c - +0 medium shield
rNeg     . . .     Faith    .   n - +0 chain mail
rPois    .         Spirit   .   (helmet restricted)
rElec    .         Reflect  .   (no cloak)
rCorr    .         Harm     .   (no gloves)
MR       +....                  (no boots)
Stlth    ..........             (no amulet)
HPRegen  0.13/turn              g - ring of protection from magic
MPRegen  0.08/turn              (no ring)

@: mighty
A: retaliatory headbutt, horns 2
a: Stomp, Renounce Religion


You were on level 3 of the Dungeon.
You worshipped Uskayaw.
Uskayaw was noncommittal.
You were not hungry.

You visited 1 branch of the dungeon, and saw 3 of its levels.

You collected 176 gold pieces.

Inventory:

Hand Weapons
 a - a +0 war axe (weapon)
Missiles
 l - 67 javelins (quivered)
 t - 126 javelins of penetration
 v - 60 poisoned tomahawks
Armour
 c - a +0 medium shield (worn)
 n - a +0 chain mail (worn)
Jewellery
 g - a ring of protection from magic (left hand)
 o - an uncursed ring of positive energy {unknown}
 s - a cursed amulet of inaccuracy {unknown}
Scrolls
 f - a scroll of teleportation {unknown}
 h - 2 scrolls of remove curse {unknown}
 i - 2 scrolls of amnesia {unknown}
 j - 2 scrolls of enchant weapon {unknown}
 m - a scroll of blinking {unknown}
 x - a scroll of immolation {unknown}
Potions
 d - 2 potions of might
 k - a potion of degeneration {unknown}
 p - 3 potions of heal wounds {unknown}
 q - 2 potions of haste {unknown}
 r - a potion of ambrosia {unknown}
 u - a potion of agility {unknown}
 w - 3 potions of curing {unknown}
 z - 2 potions of cancellation {unknown}
Comestibles
 b - 2 chunks of flesh
 e - 3 rations {!d}


   Skills:
 + Level 4.2 Fighting
 * Level 3.8 Axes
 + Level 4.1 Armour
 + Level 4.2 Shields


You had 3 spell levels left.
You didn't know any spells.
Your spell library was empty.

Dungeon Overview and Level Annotations

Branches:
Dungeon (3/12)

Altars:
Uskayaw

Annotations:
D:3 3 runed translucent doors, Grinder; Mrkan's ghost, amateur HOFi


Innate Abilities, Weirdness & Mutations

You reflexively headbutt those who attack you in melee.
You have a pair of horns on your head.


Message History

You completely miss Grinder. You headbutt Grinder.
Grinder is lightly wounded.
Grinder hits you.
You writhe in agony.
* * * LOW HITPOINT WARNING * * *
You barely miss Grinder. Your headbutt misses Grinder.
Grinder is lightly wounded.
Grinder hits you.
* * * LOW HITPOINT WARNING * * *
You writhe in agony.
* * * LOW HITPOINT WARNING * * *
You closely miss Grinder.
Grinder is lightly wounded.
You block Grinder's attack.
Grinder says, "Just stop there for a second..."
Grinder gestures at you. You resist with some effort.
You feel very mighty all of a sudden. Grinder gestures at you.
Pain shoots through your body!
You die...

...## .....!...# ....##
#.......# .....## #
.......## ......#.#
#......# ........# #>.....#
.....####. #......#
.......... #......########
...##########....5........#
.......# #......@.........#
.#####.# #.......†........#
.......# #....%...........+
#......#
#....##.#........##
#......# #....
#.#.####....#
#.<....###.... #.#.# #.##.#
####....##...
#########.##.# #....##..
#..#.#..#.##.# ####....#
##..$$.##.##.#


You could see Grinder.

Vanquished Creatures
  2 adders (D:3)
  A dart slug (D:2)
  A leopard gecko (D:3)
  An orc (D:3)
  2 ball pythons (D:2)
  6 bats
  3 giant cockroaches
  5 goblins
  6 hobgoblins
  3 jackals (D:2)
  2 frilled lizards
  9 kobolds
  2 rats
43 creatures vanquished.

Notes
Turn   | Place    | Note
-------+----------+-------------------------------------------
     0 | D:1      | Mrkan the Minotaur Fighter began the quest for the Orb.
     0 | D:1      | Reached XP level 1. HP: 19/19 MP: 0/0
   293 | D:1      | Reached XP level 2. HP: 27/27 MP: 1/1
   603 | D:2      | Found a hide-covered altar of Uskayaw.
   603 | D:2      | Noticed a +0 dagger
   603 | D:2      | Noticed a +0 hand axe
   621 | D:2      | Became a worshipper of Uskayaw the Reveler
   657 | D:2      | Reached * piety under Uskayaw
   660 | D:2      | Reached XP level 3. HP: 32/33 MP: 2/2
   660 | D:2      | Reached ** piety under Uskayaw
   665 | D:2      | Reached *** piety under Uskayaw
  1056 | D:3      | Found a runed translucent gate.
  1058 | D:3      | Found a runed translucent gate.
  1059 | D:3      | Found a runed translucent gate.
  1059 | D:3      | Noticed Mrkan's ghost (amateur HOFi)
  1083 | D:3      | Noticed Grinder
  1085 | D:3      | Reached XP level 4. HP: 40/40 MP: 3/3
  1100 | D:3      | Killed from afar by Grinder

Skill      XL: |  1  2  3 |
---------------+----------+-----
Axes           | 3 |  3.8
Shields        | 4 |  4.2
Fighting       | 4 |  4.2
Armour         | 4 |  4.1

Action                   |  1- 3 |  4- 6 || total
-------------------------+-------+-------++-------
Melee: War axe           |    74 |     6 ||    80
       Headbutt          |     8 |     2 ||    10
  Use: Potion            |       |     1 ||     1
 Stab: Paralysed         |     1 |       ||     1
  Eat: Chunk             |     1 |       ||     1
Armor: Scale mail        |    14 |       ||    14
       Chain mail        |    48 |     1 ||    49
Dodge: Dodged            |    25 |     2 ||    27
Block: Medium shield     |    54 |     3 ||    57
